Map: Blackburn LE

Players

Reynor - Winner!

  • Race: Zerg Zerg

Harstem

  • Race: Protoss Protoss

Event: DreamHack SC2 Masters 2021 Fall

VOD

Have the link to the VOD?

Description

Time

  • Played on: July 31, 2021, 1:39 p.m.
  • Length: 13:37

All games in this series

Show
View Real Time Build Order
Export as new Build Order

Reynor Zerg - Winner!

Build Orders: Hatch First 

Get SALT Encoding   

  12  0:00  Drone  
  13  0:12  Overlord  
  13  0:17  Drone  
  14  0:30  Drone x2  
  16  0:43  Drone  
  17  0:51  Hatchery  
  17  0:55  Drone  
  17  0:58  Drone  
  18  1:08  Extractor  
  17  1:14  Spawning Pool  
  17  1:16  Drone  
  17  1:19  Drone  
  18  1:27  Drone  
  19  1:38  Drone  
  20  1:48  Overlord  
  20  2:00  Queen  
  22  2:03  Drone x2  
  22  2:04  Queen  
  26  2:11  Zergling x2  
  26  2:14  Zergling x2  
  28  2:21  Metabolic Boost  
  28  2:22  Drone  
  29  2:25  Drone  
  30  2:36  Queen  
  32  2:45  Hatchery  
  32  2:49  Overlord  
  31  2:51  Drone  
  31  2:54  Drone  
  31  2:56  Zergling x2  
  34  2:59  Zergling x2  
  34  3:01  Drone  
  36  3:08  Drone x2  
  38  3:15  Overlord  
  38  3:16  Queen  
  38  3:18  Drone  
  41  3:27  Queen, Drone  
  42  3:33  Overlord  
  44  3:36  Drone  
  44  3:40  Drone  
  46  3:44  Drone x2  
  46  3:45  Drone  
  46  3:48  Overlord  
  49  3:52  Drone  
  49  3:54  Queen  
  52  3:57  Drone  
  52  3:58  Queen  
  54  4:04  Drone x2  
  54  4:08  Drone  
  54  4:09  Drone  
  58  4:13  Drone  
  58  4:16  Drone x2  
  58  4:17  Spore Crawler, Drone  
  60  4:19  Drone  
  60  4:23  Drone x2  
  64  4:24  Overlord  
  64  4:32  Roach Warren, Drone  
  64  4:33  Drone  
  64  4:37  Lair  
  65  4:38  Overlord  
  65  4:43  Drone x3  
  65  4:44  Drone  
  65  4:45  Drone  
  70  4:48  Extractor  
  70  4:50  Extractor  
  70  4:51  Drone  
  70  4:52  Drone  
  70  4:53  Drone, Evolution Chamber  
  70  4:54  Drone  
  70  4:55  Drone  
  74  5:00  Drone x3  
  74  5:01  Drone  
  74  5:05  Overlord  
  76  5:10  Zergling x6  
  76  5:11  Zergling x2  
  76  5:13  Zergling x6  
  81  5:21  Overlord  
  81  5:27  Hatchery  
  80  5:31  Drone x4  
  80  5:32  Drone x2  
  80  5:34  Overlord  
  86  5:36  Glial Reconstitution  
  86  5:37  Drone  
  86  5:38  Overseer  
  86  5:42  Drone x3  
  90  5:43  Drone  
  90  5:46  Drone  
  90  5:47  Drone  
  90  5:48  Spore Crawler  
  90  5:50  Extractor, Drone x2  
  90  5:54  Drone  
  90  5:55  Drone  
  92  5:57  Drone x2  
  92  6:01  Extractor  
  92  6:03  Extractor, Baneling Nest  
  92  6:04  Zergling x6  
  93  6:08  Overlord  
  93  6:10  Drone x2  
  93  6:11  Drone x2  
  97  6:12  Drone  
  99  6:18  Overlord  
  99  6:22  Queen x2  
  103  6:27  Spore Crawler  
  103  6:29  Spore Crawler x2, Drone  
  103  6:30  Drone  
  102  6:39  Zergling x6  
  106  6:40  Zergling x14  
  106  6:45  Drone  
  106  6:46  Centrifical Hooks  
  105  6:48  Drone  
  105  6:50  Spore Crawler  
  105  6:51  Queen  
  104  6:55  Drone x4  
  104  6:56  Drone  
  104  6:57  Drone  
  104  7:00  Zerg Melee Weapons Level 1  
  110  7:01  Drone  
  110  7:03  Evolution Chamber  
  110  7:04  Drone x2, Infestation Pit  
  110  7:08  Drone x2  
  113  7:10  Baneling x7  
  113  7:12  Overlord  
  113  7:14  Drone x2  
  114  7:15  Drone  
  114  7:16  Drone x2  
  114  7:18  Drone x2  
  114  7:21  Drone  
  114  7:22  Drone x2  
  113  7:24  Drone x2  
  113  7:26  Zergling x2  
  115  7:31  Zerg Ground Armor Level 1  
  115  7:35  Zergling x10  
  115  7:36  Zergling x6  
  120  7:38  Overlord  
  120  7:40  Drone  
  120  7:41  Drone  
  117  7:44  Hive  
  117  7:47  Drone x2  
  119  7:53  Baneling x3  
  119  7:54  Baneling x8  
  119  7:55  Zergling x14  
  126  8:00  Queen  
  126  8:04  Hatchery  
  124  8:15  Zergling x20  
  130  8:21  Overlord  
  130  8:23  Overlord  
  130  8:25  Zergling x2  
  124  8:28  Overlord  
  124  8:33  Zergling x22  
  126  8:35  Drone  
  122  8:41  Zergling x2  
  122  8:46  Zergling x6  
  122  8:48  Zergling x2  
  122  8:50  Overseer  
  122  8:53  Zergling x6  
  124  8:55  Zerg Melee Weapons Level 2  
  124  8:57  Viper, Ultralisk Cavern  
  124  8:58  Viper  
  124  9:01  Spore Crawler x2  
  126  9:02  Drone  
  126  9:03  Drone x7  
  126  9:09  Adrenal Glands  
  130  9:10  Baneling  
  130  9:11  Baneling x6  
  130  9:12  Drone x4  
  130  9:13  Zergling x2  
  130  9:14  Zergling x2  
  130  9:16  Drone x2  
  131  9:19  Drone x3  
  131  9:20  Drone  
  131  9:22  Drone  
  131  9:23  Drone  
  135  9:26  Queen  
  135  9:29  Zergling x6  
  138  9:38  Queen x3  
  135  9:41  Zergling x2  
  135  9:42  Zergling x10  
  135  9:45  Viper x2  
  134  9:50  Zergling x14  
  147  9:55  Zergling x6  
  147  9:56  Zergling x6  
  147  9:59  Queen  
  153  10:02  Queen  
  157  10:07  Zergling x2  
  157  10:08  Zergling x2  
  157  10:09  Overlord  
  157  10:11  Overlord  
  156  10:15  Overlord  
  156  10:28  Overlord  
  156  10:30  Queen  
Show
View Real Time Build Order
Export as new Build Order

Harstem Protoss 

Build Orders: 1 Gate Expand, Oracle Opening 

Get SALT Encoding   

  12  0:00  Probe  
  13  0:12  Probe  
  14  0:19  Pylon  
  14  0:24  Probe  
  15  0:37  Probe (Chrono Boost)  
  15  0:39  Gateway  
  16  0:47  Probe (Chrono Boost)  
  16  0:49  Assimilator  
  17  0:52  Probe (Chrono Boost)  
  18  1:04  Probe  
  19  1:16  Probe  
  20  1:27  Nexus  
  20  1:37  Cybernetics Core  
  20  1:40  Probe  
  21  1:47  Assimilator  
  21  1:52  Probe  
  22  1:55  Pylon  
  22  2:03  Probe  
  23  2:10  Adept (Chrono Boost)  
  23  2:11  Probe  
  25  2:19  Probe  
  25  2:21  Stargate  
  27  2:33  Adept, Probe (Chrono Boost)  
  27  2:36  Warp Gate  
  30  2:39  Probe (Chrono Boost)  
  32  2:49  Probe x2 (Chrono Boost)  
  33  2:54  Probe (Chrono Boost)  
  33  2:56  Probe  
  35  2:59  Void Ray (Chrono Boost)  
  35  3:06  Probe  
  35  3:08  Probe  
  41  3:18  Pylon, Probe  
  42  3:20  Probe  
  42  3:24  Gateway  
  43  3:30  Probe  
  43  3:32  Probe  
  45  3:36  Oracle  
  48  3:42  Probe  
  48  3:44  Probe  
  48  3:47  Pylon  
  50  3:54  Probe  
  50  3:56  Probe  
  51  4:02  Nexus  
  51  4:06  Probe  
  51  4:08  Stargate, Probe (Chrono Boost)  
  53  4:14  Assimilator  
  53  4:15  Assimilator  
  53  4:16  Shield Battery  
  53  4:18  Probe (Chrono Boost)  
  53  4:20  Probe (Chrono Boost)  
  55  4:26  Adept  
  55  4:28  Adept  
  55  4:29  Probe (Chrono Boost)  
  60  4:31  Probe (Chrono Boost)  
  60  4:36  Probe  
  60  4:38  Protoss Air Weapons Level 1, Pylon  
  62  4:42  Pylon  
  62  4:56  Phoenix x2, Probe (Chrono Boost)  
  68  5:01  Probe (Chrono Boost)  
  68  5:03  Pylon  
  68  5:04  Adept x2  
  73  5:07  Probe (Chrono Boost)  
  73  5:11  Probe (Chrono Boost)  
  73  5:12  Probe (Chrono Boost)  
  75  5:15  Pylon  
  75  5:16  Probe (Chrono Boost)  
  77  5:22  Phoenix  
  77  5:26  Probe (Chrono Boost)  
  77  5:28  Probe (Chrono Boost)  
  81  5:29  Phoenix, Probe (Chrono Boost)  
  81  5:34  Probe (Chrono Boost)  
  85  5:36  Pylon, Stargate, Probe (Chrono Boost)  
  85  5:37  Probe (Chrono Boost)  
  85  5:41  Assimilator  
  86  5:45  Assimilator  
  86  5:48  Probe (Chrono Boost)  
  86  5:49  Forge  
  87  5:52  Probe  
  87  5:54  Phoenix (Chrono Boost), Probe  
  93  5:58  Probe  
  93  6:03  Phoenix (Chrono Boost)  
  94  6:04  Probe  
  94  6:10  Zealot  
  97  6:15  Phoenix (Chrono Boost)  
  99  6:19  Phoenix (Chrono Boost)  
  99  6:21  Phoenix (Chrono Boost)  
  99  6:24  Probe  
  99  6:25  Probe  
  105  6:27  Pylon  
  105  6:29  Gateway, Probe  
  108  6:40  Phoenix (Chrono Boost)  
  108  6:41  Phoenix (Chrono Boost)  
  112  6:47  Phoenix (Chrono Boost)  
  112  6:49  Probe  
  112  6:50  Sentry, Zealot  
  107  6:54  Gateway  
  107  6:56  Pylon  
  107  6:57  Phoenix (Chrono Boost), Probe  
  112  7:03  Probe  
  112  7:05  Phoenix (Chrono Boost)  
  112  7:06  Probe  
  116  7:08  Photon Cannon, Phoenix (Chrono Boost)  
  116  7:12  Photon Cannon, Zealot  
  118  7:15  Phoenix  
  120  7:23  Zealot  
  120  7:26  Phoenix  
  116  7:30  Fleet Beacon  
  116  7:31  Phoenix  
  115  7:38  Probe  
  115  7:41  Probe  
  115  7:42  Zealot x2, Probe  
  116  7:50  Nexus, Probe  
  117  7:53  Probe  
  117  7:58  Gateway  
  118  8:00  Sentry  
  111  8:21  Probe  
  111  8:24  Carrier (Chrono Boost)  
  121  8:29  Zealot x4  
  125  8:34  Probe, Carrier (Chrono Boost)  
  125  8:36  Carrier (Chrono Boost)  
  125  8:38  Probe  
  125  8:39  Probe  
  125  8:50  Zealot  
  125  8:51  Zealot x3  
  132  8:55  Pylon  
  132  8:58  Nexus  
  132  9:00  Shield Battery  
  132  9:05  Pylon  
  132  9:15  Pylon  
  123  9:18  Pylon x2  
  123  9:19  Zealot x2  
  126  9:37  Zealot x3  
  126  9:38  Carrier (Chrono Boost)  
  119  9:54  Gateway  
  119  9:57  Photon Cannon  
  117  10:07  Adept x2, Sentry  
  117  10:12  Carrier (Chrono Boost)  

Tags
 
Add a new tag
Caveats
  • Supply blocks, unpowered buildings, or Contaminate may cause inaccurate times.
  • Supply counts are checked every 10 seconds.